 Dungeon Crawl Stone Soup version 0.31-a0-196-g86fe4a5e66 (webtiles) character file.

Game seed: 37528145155522953

220 Arcadio the Stinger (level 5, -1/42 HPs)
             Began as a Naga Venom Mage on June 24, 2023.
             Was an Initiate of Ashenzari.
             Slain by a phantom (6 damage)
             ... on level 4 of the Dungeon.
             The game lasted 00:10:36 (4843 turns).

Arcadio the Stinger (Naga Venom Mage)               Turns: 4843, Time: 00:10:36

Health: -1/42      AC:  2    Str: 11    XL:     5   Next: 97%
Magic:  9/9        EV: 10    Int: 17    God:    Ashenzari [......]
Gold:   230        SH:  0    Dex: 11    Spells: 3/10 levels left

rFire   . . .        f - +1 dagger (freeze)
rCold   . . .        (no shield)
rNeg    . . .        a - +0 robe
rPois   +            (no helmet)
rElec   .            (no cloak)
rCorr   .            (no gloves)
SInv    +            (no barding)
Will    .....        (no amulet)
Stlth   +++          (no ring)
HPRegen 0.27/turn    (no ring)
MPRegen 0.11/turn

%: no passive effects
@: about to teleport, very slow
A: AC +1, large, see invisible, deformed body, poison resistance, slowness 2,
spit poison 1, naga tail 1
a: Spit Poison, Renounce Religion


You were on level 4 of the Dungeon.
You worshipped Ashenzari.
Ashenzari was noncommittal.
You visited 1 branch of the dungeon, and saw 5 of its levels.

You collected 230 gold pieces.

Inventory:

Hand Weapons
 d - a +0 dagger
 f - a +1 dagger of freezing (weapon)
Armour
 a - a +0 robe (worn)
 i - a +0 crystal plate armour
 q - a +0 leather armour
Scrolls
 c - a scroll of enchant armour
 g - a scroll of blinking {unknown}
 h - a scroll of fear {unknown}
 k - a scroll of fog {unknown}
 m - a scroll of immolation {unknown}
 p - a scroll of amnesia {unknown}
Potions
 b - a potion of magic
 j - a potion of brilliance {unknown}
 l - 3 potions of attraction
 n - a potion of curing
 o - a potion of haste {unknown}
 s - a potion of mutation {unknown}
 t - a potion of ambrosia {unknown}
 u - a potion of might {unknown}


   Skills:
 + Level 2.8 Dodging
 + Level 5.2 Stealth
 + Level 3.2 Spellcasting
 - Level 1.0 Transmutations
 + Level 5.4 Poison Magic


You had 3 spell levels left.
You knew the following spells:

 Your Spells              Type           Power      Damage    Failure   Level
a - Sting                 Tmut/Pois      52%        1d5       4%          1
b - Poisonous Vapours     Pois/Air       24%        N/A       9%          2
c - Olgreb's Toxic Radia  Pois           21%        N/A       19%         4

Your spell library contained the following spells:

 Spells                   Type           Power      Damage    Failure   Level
 Mephitic Cloud           Conj/Pois/Air  8%         N/A       24%         3
 Scorch                   Fire           4%         2d5       26%         2
 Portal Projectile        Hex/Tloc       4%         N/A       45%         3
 Tukima's Dance           Hex            2%         N/A       45%         3
 Vhi's Electric Charge    Tloc/Air       4%         N/A       45%         3
 Flame Wave               Conj/Fire      2%         2d4       86%         4
 Blade Hands              Tmut           3%         N/A       97%         5
 Arcjolt                  Conj/Air       1%         1d11      99%         5
 Summon Cactus Giant      Summ           1%         N/A       100%        6
 Maxwell's Capacitive Co  Air            1%         ∞         100%        8


Dungeon Overview and Level Annotations

Branches:
Dungeon (5/15) Zot: 24005
 Temple: D:4-7

Altars:
Ashenzari
Gozag
Okawaru
Uskayaw

Annotations:
D:5 Dowan, Duvessa


Innate Abilities, Weirdness & Mutations

Your serpentine skin is tough. (AC +1)
You have supernaturally acute eyesight. (SInv)
Armour fits poorly on your strangely shaped body.
Your system is resistant to poisons. (rPois)
You cover ground very slowly.
You can spit poison.
You have a snake-like lower body.


Message History

Found a broken altar of Ashenzari.
There is a broken altar of Ashenzari here.
There is a broken altar of Ashenzari here.
You coil in front of the altar of Ashenzari.
Ashenzari welcomes you!
Ashenzari warns you of distant threats and treasures.
Ashenzari reveals the structure of the dungeon to you.
Ashenzari shows you where magical portals lie.
You open the door.
There is an open door here.
The phantom attacks as you move away! The phantom completely misses you.
The phantom hits you.
There is a stone staircase leading down, spattered with blood here.
The phantom hits you.
The phantom blinks!
You blink.
You stop descending the stairs.
The phantom barely misses you. The phantom misses you.
There is a stone staircase leading down, spattered with blood here.
The phantom hits you.
You climb downwards.
There is a stone staircase leading up here.
Duvessa shouts!
The phantom hits you.
The phantom blinks!
You blink.
You stop ascending the stairs.
Duvessa hits you with a +0 short sword! The phantom attacks as you move away!
The phantom hits you but does no damage.
Dowan attacks as you move away! Dowan barely misses you.
Duvessa hits you with a +0 short sword.
A water moccasin comes into view.
There is a stone staircase leading up here.
The phantom closely misses you. Duvessa closely misses you.
You climb upwards.
There is a stone staircase leading down here.
The phantom hits you.
The phantom blinks!
You blink.
As you read the scroll of identify, it crumbles to dust.
e - a scroll of teleportation The phantom closely misses you.
As you read the scroll of teleportation, it crumbles to dust.
You feel strangely unstable. The phantom hits you!
* * * LOW HITPOINT WARNING * * *
The phantom attacks as you move away! The phantom hits you.
You die...

#......?.
#># #.#
#.# #.# #
#.# ##.#
##.#....#
#W.......
#@.......
#..#.#...
##.# .#
##


You could see a phantom.

Vanquished Creatures
  A black bear (D:4)
  An iguana (D:4)
  3 adders
  3 worms
  A dart slug (D:2)
  An orc (D:4)
  2 endoplasms
  7 giant cockroaches
  6 goblins
  8 hobgoblins
  4 jackals (D:1)
  A quokka (D:2)
  6 ball pythons
  6 bats
  4 frilled lizards
  5 kobolds
  9 rats
68 creatures vanquished.

Notes
Turn   | Place    | Note
-------+----------+-------------------------------------------
     0 | D:1      | Arcadio the Naga Venom Mage began the quest for the Orb.
     0 | D:1      | Reached XP level 1. HP: 15/15 MP: 3/3
   187 | D:1      | Reached XP level 2. HP: 22/22 MP: 3/5
   246 | D:1      | Learned a level 2 spell: Poisonous Vapours
  1111 | D:1      | Reached XP level 3. HP: 28/28 MP: 2/6
  1619 | D:2      | Found an opulent altar of Gozag.
  1749 | D:2      | Found a faded altar of an unknown god.
  2163 | D:2      | Reached XP level 4. HP: 16/36 MP: 0/7
  3074 | D:3      | Found a hide-covered altar of Uskayaw.
  3231 | D:3      | Found an opulent altar of Gozag.
  3372 | D:3      | Found an iron altar of Okawaru.
  3948 | D:4      | Learned a level 4 spell: Olgreb's Toxic Radiance
  4314 | D:4      | Reached skill level 5 in Poison Magic
  4314 | D:4      | Reached XP level 5. HP: 34/42 MP: 3/9
  4380 | D:4      | Noticed a phantom
  4546 | D:4      | Noticed a black bear
  4574 | D:4      | Killed a black bear
  4575 | D:4      | Reached skill level 5 in Stealth
  4790 | D:4      | Found a broken altar of Ashenzari.
  4802 | D:4      | Became a worshipper of Ashenzari the Shackled
  4835 | D:5      | Entered Level 5 of the Dungeon
  4835 | D:5      | Noticed Duvessa
  4835 | D:5      | Noticed Dowan
  4837 | D:5      | Noticed a water moccasin
  4843 | D:4      | Slain by a phantom

Illustrated notes

Levels and vault maps discovered:
D:1:      spicycebolla_green_bress_n_ham_2, layout_basic
D:2:      layout_basic, dreamdust_ecumenical_altar_grove, basic_altar
D:3:      layout_basic, overflow_temple_1_default, okawaru_gym_becter,
          mainiacjoe_overflow_alcove_4
D:4:      layout_basic, ashenzari_altar_1
D:5:      layout_basic, minmay_crystal_water, uniq_duvessa

Skill      XL: |  1  2  3  4  5 |
---------------+----------------+-----
Dodging        | 2 |  2.8
Stealth        | 4 5 |  5.2
Poison Magic   | 5 |  5.4
Spellcasting   | 3 |  3.2
Transmutations | |  1.0

Action                     |  1- 3 |  4- 6 || total
---------------------------+-------+-------++-------
  Melee: Dagger            |    32 |    27 ||    59
         Punch             |     1 |       ||     1
   Cast: Sting             |    24 |    23 ||    47
         Poisonous Vapours |    31 |    30 ||    61
         Olgreb's Toxic Ra |       |     1 ||     1
Ability: Spit Poison       |     6 |     6 ||    12
    Use: Scroll            |       |     5 ||     5
   Stab: Sleeping          |       |     1 ||     1
 Armour: Robe              |    14 |     7 ||    21
  Dodge: Dodged            |    27 |    25 ||    52

Table legend: (Time is in decaauts)
 A = Elapsed time spent in this place.
 B = Non-inter-level travel time spent in this place.
 C = Inter-level travel time spent in this place.
 D = Time resting spent in this place.
 E = Time spent auto-exploring this place.
 F = Levels seen in this place.
 G = Mean time per level.
                   A        B        C        D        E       F      G
               +--------+--------+--------+--------+--------+-----+--------+
         Total |   5994 |   5872 |    122 |      0 |   5110 |   5 | 1198.8 |
       Dungeon |   5994 |   5872 |    122 |      0 |   5110 |   5 | 1198.8 |
               +--------+--------+--------+--------+--------+-----+--------+

Top non-repeatable levels by time:
     D:2: 1969 daAuts
     D:1: 1798 daAuts
     D:4: 1116 daAuts
     D:3: 1106 daAuts
     D:5: 4 daAuts
